Unix NetHack Version 5.0.0-0 post-release - last build Jun 10 2026 00:39:30 (3ee93aec679c4c4259841fe613dc97188e26a321,branch:main).

Game began 2026-06-19 23:11:41, ended 2026-06-19 23:22:33.

IanCurtis, chaotic male elven Wizard

                                                                 ---------
                                                                 |.(.....|
                                                                 |.......|
                                                                 -----|---
                                                                   ####
                                                                  ##
                                                                  #
                                                              #####
                                                        ------.---------
                                             ------     |..............|
                 --.---      ---.------      |.....#**##-.....*........|
                 |....|     #.........|      |....|     |(.....*.......|
                 |...q|######|........|     #-....|     |.......>......|
                 |...@|#     |........|     #|...<|     ----------------
                 |....f#     |........|     #|....|
                 |....|      |......*.-######|....|
                 |....|      |........|      ------
                 ------      ----------

IanCurtis the Conjurer    St:13 Dx:13 Co:14 In:17 Wi:8 Ch:12  Chaotic
Dlvl:4  $:61 HP:0(28) Pw:30(45) AC:9  Xp:4 T:2604 

Latest messages:
 The giant ant bites!
 You kill the giant ant!
 You swap places with your kitten.
 The kitten picks up a rock.
 The kitten drops a rock.
 You are beginning to feel hungry.
 You stop searching.
 What do you want to eat? [uH or ?*] ?
 Blecch!  Rotten food!
 Everything suddenly goes dark.
 You finish eating the food ration.
 You are in full health.
 You can see again.
 R - a wand of striking.
 You hear the chime of a cash register.
 You stop searching.
 You hit the iguana.
 You miss the iguana.
 The iguana bites!
 You miss the iguana.
 You miss the iguana.
 You hit the iguana.
 The iguana bites!
 You hit the iguana!
 The iguana bites!
 You miss the iguana.
 The iguana bites!
 You miss the iguana.
 You miss the iguana.
 The iguana bites!
 You kill the iguana!
 The kitten drops a violet gem.
 The kitten picks up a violet gem.
 The kitten drops a violet gem.
 You see here 13 gold pieces.
 $ - 13 gold pieces (61 in total).
 The rothe hits!
 The rothe bites!
 The rothe bites again!
 You hear the chime of a cash register.
 You miss the rothe.
 The rothe hits!
 The rothe bites!
 The rothe bites again!
 You hit the rothe.
 The rothe hits!
 The rothe bites!
 The rothe bites again!
 You die...
 Do you want your possessions identified? [ynq] (y) q

Inventory:
 Coins    ('$')
  $ - 61 gold pieces
 Weapons  (')')
  L - 12 rustproof +0 crossbow bolts
  a - a blessed +1 quarterstaff (weapon in hands)
 Armor    ('[')
  b - an uncursed +0 cloak of magic resistance (being worn)
  O - an uncursed +0 dwarvish mithril-coat
 Comestibles  ('%')
  H - an uncursed cram ration
 Scrolls  ('?')
  s - an uncursed scroll of amnesia
  j - an uncursed scroll of blank paper
  w - a blessed scroll of confuse monster
  N - an uncursed scroll of confuse monster
  J - 2 blessed scrolls of create monster
  A - an uncursed scroll of earth
  v - 2 uncursed scrolls of enchant weapon
  D - a blessed scroll of identify
  p - 3 uncursed scrolls of identify
  i - an uncursed scroll of stinking cloud
 Spellbooks  ('+')
  m - an uncursed spellbook of confuse monster
  l - a blessed spellbook of force bolt
  x - an uncursed spellbook of healing
  E - an uncursed spellbook of light
  F - an uncursed spellbook of sleep
 Potions  ('!')
  y - an uncursed potion of fruit juice
  f - an uncursed potion of levitation
  g - an uncursed potion of object detection
  h - an uncursed potion of water
 Rings    ('=')
  B - an uncursed ring of fire resistance
  e - an uncursed +1 ring of increase damage
  z - a cursed ring of polymorph
  d - an uncursed ring of see invisible
 Wands    ('/')
  Q - a wand of digging (0:4)
  R - a wand of striking (0:4)
  c - a wand of teleportation (0:5)
 Tools    ('(')
  C - an uncursed blindfold
  M - an uncursed magic lamp
  n - a magic marker (0:22)
  k - an uncursed skeleton key

IanCurtis the Wizard's attributes:

Background:
 You were a Conjurer, a level 4 male elven Wizard.
 You were chaotic, on a mission for Anhur
 who was opposed by Ptah (lawful) and Thoth (neutral).
 You were right-handed.
 You were in the Dungeons of Doom, on level 4.
 You entered the dungeon 2604 turns ago.
 It was nighttime.
 You had 141 experience points, 19 more were needed to attain level 5.

Basics:
 You had 0 out of 28 hit points.
 You had 30 out of 45 energy points (spell power).
 Your armor class was 9.
 Your wallet contained 61 zorkmids.
 Autopickup was off.

Final Characteristics:
 Your strength was 13 (limit:18).
 Your dexterity was 13 (limit:18).
 Your constitution was 14 (limit:16).
 Your intelligence was 17 (limit:20).
 Your wisdom was 8 (limit:20).
 Your charisma was 12 (limit:18).

Final Status:
 You weren't hungry.
 You were unencumbered.
 You were wielding a quarterstaff.
 You had basic skill with quarterstaff.

Final Attributes:
 You were piously aligned.
 You were magic-protected.
 You were sleep resistant.
 You had infravision.
 You were warded.
 You are dead.

Miscellaneous:
 You didn't encounter any bones levels.
 Total elapsed playing time was 10 minutes and 52 seconds.

Major events:
 Turn
    1: IanCurtis the chaotic male elven Wizard entered the dungeon
 1521: entered the Gnomish Mines
 1523: attained the rank of Conjurer (level 3)
 2604: killed by a rothe

Spells:
 Name                 Level Category     Fail Retention
 force bolt             1   attack         0%   81%-90%
 confuse monster        1   enchantment    0%   81%-90%
 healing                1   healing        0%  76%-100%
 light                  1   divination     0%  76%-100%
 sleep                  3   enchantment    0%  91%-100%

Skills:
 Fighting Skills
   bare handed combat [Unskilled]
   riding             [Unskilled]
 Weapon Skills
   dagger             [Unskilled]
   knife              [Unskilled]
   axe                [Unskilled]
   short sword        [Unskilled]
   club               [Unskilled]
   mace               [Unskilled]
   quarterstaff       [Basic]
   polearms           [Unskilled]
   spear              [Unskilled]
   trident            [Unskilled]
   sling              [Unskilled]
   dart               [Unskilled]
   shuriken           [Unskilled]
 Spellcasting Skills
   attack spells      [Basic]
   healing spells     [Unskilled]
   divination spells  [Unskilled]
   enchantment spells [Basic]
   clerical spells    [Unskilled]
   escape spells      [Unskilled]
   matter spells      [Unskilled]

Voluntary challenges:
 Character rerolling was not enabled.
 You never genocided any monsters.
 You never polymorphed an object.
 You never changed form.
 You used no wishes.
Achievements:
 You entered the Gnomish Mines.
 You attained the rank of Conjurer.

 The Dungeons of Doom: levels 1 to 5
    Level 1:
       An altar to Anhur.
    Level 2: "vault"
       A fountain.
    Level 3:
       Stairs down to The Gnomish Mines.
    Level 4: <- You were here.
       Final resting place for
          you, killed by a rothe.
    Level 5:
 The Gnomish Mines:
    Level 4:


Vanquished creatures:
  a rock piercer
  2 giant ants
  a dwarf
 an iguana
 an acid blob
  a coyote
  a large kobold
  3 giant rats
  8 gnomes
  4 geckos
  2 jackals
  2 foxes
  a kobold
  6 grid bugs
  a lichen
  a kobold zombie
  4 newts
40 creatures vanquished.

No species were genocided or became extinct.

Game over:
                       ----------
                      /          \
                     /    REST    \
                    /      IN      \
                   /     PEACE      \
                  /                  \
                  |    IanCurtis     |
                  |      61 Au       |
                  |   killed by a    |
                  |      rothe       |
                  |                  |
                  |                  |
                  |       2026       |
                 *|     *  *  *      | *
        _________)/\\_//(\/(/\)/\//\/|_)_______

Goodbye IanCurtis the Wizard...

You died in The Dungeons of Doom on dungeon level 4 with 819 points,
and 61 pieces of gold, after 2604 moves.
You were level 4 with a maximum of 28 hit points when you died.

